 Dungeon Crawl Stone Soup version 0.27-a0-1200-g94dc6ad (webtiles) character file.

Game seed: 3767668151096326430

60 Meow the Stinger (level 4, 36/36 HPs)
             Began as a Naga Venom Mage on June 1, 2021.
             Quit the game on level 1 of the Dungeon.
             The game lasted 00:02:47 (882 turns).

Meow the Stinger (Naga Venom Mage)                   Turns: 882, Time: 00:02:47

Health: 36/36      AC:  2    Str: 10    XL:     4   Next: 4%
Magic:  8/8        EV: 10    Int: 16    God:
Gold:   0          SH:  0    Dex: 12    Spells: 2/9 levels left

rFire    . . .     SeeInvis +   a - +2 short sword (elec)
rCold    . . .     Faith    .   (no shield)
rNeg     . . .     Spirit   .   d - +0 robe
rPois    +         Reflect  .   (no helmet)
rElec    .         Harm     .   (no cloak)
rCorr    .         Rampage  .   (no gloves)
Will     .....                  (no barding)
Stlth    ++........             (no amulet)
HPRegen  0.12/turn              (no ring)
MPRegen  0.11/turn              (no ring)

@: very slow
A: AC +1, large, see invisible, deformed body, poison resistance, slowness 2,
spit poison 1, naga tail 1
a: Spit Poison


You were on level 1 of the Dungeon.
You visited 1 branch of the dungeon, and saw 2 of its levels.

Inventory:

Hand Weapons
 a - a +2 short sword of electrocution (weapon)
Missiles
 b - 20 arrows
 e - 21 stones
 f - 4 boomerangs
Armour
 d - a +0 robe (worn)
 g - a +0 buckler
Scrolls
 c - a scroll of acquirement {unknown}
 i - a scroll of identify {unknown}
Potions
 h - a potion of curing {unknown}


   Skills:
 - Level 1.5 Dodging
 - Level 3.0 Stealth
 + Level 3.1 Spellcasting
 + Level 2.3 Conjurations
 - Level 1.0 Transmutations
 - Level 4.0 Poison Magic


You had 2 spell levels left.
You knew the following spells:

 Your Spells              Type           Power      Damage    Failure   Level
a - Sting                 Tmut/Pois      40%        1d5       7%          1
c - Mephitic Cloud        Conj/Pois/Air  9%         N/A       24%         3
C - Ignite Poison         Fire/Tmut/Pois 7%         N/A       28%         3

Your spell library contained the following spells:

 Spells                   Type           Power      Damage    Failure   Level
 Poisonous Vapours        Pois/Air       16%        N/A       12%         2
 Olgreb's Toxic Radiance  Pois           15%        N/A       34%         4


Dungeon Overview and Level Annotations

Branches:
Dungeon (2/15)

Altars:

Shops:
D:2 *


Innate Abilities, Weirdness & Mutations

Your serpentine skin is tough. (AC +1)
You have supernaturally acute eyesight. (SInv)
Armour fits poorly on your strangely shaped body.
Your system is resistant to poisons. (rPois)
You cover ground very slowly.
You can spit poison.
You have a snake-like lower body.


Message History

You have got your breath back.
You start resting.
Magic restored.
You start resting.
HP restored.
A bat comes into view.
A bat is nearby!
Press: ? - help, Shift-Dir - straight line, f - bat
Aim: a bat The splash of poison hits the bat.
The bat is poisoned.
You kill the bat!
You have got your breath back.
A frilled lizard comes into view.
Press: ? - help, Shift-Dir - straight line, f - frilled lizard
Aim: a frilled lizard (asleep)
The splash of poison hits the frilled lizard!
The frilled lizard is poisoned.
You kill the frilled lizard!
Unknown command.
You have got your breath back.
A bat comes into view.
Press: ? - help, Shift-Dir - straight line, f - bat
Aim: a bat (asleep)
The splash of poison hits the bat.
The bat is severely wounded.
A bat is nearby!
Casting: Sting (safe; 7% risk of failure)
Confirm with . or Enter, or press ? or * to list all spells.
Aiming: Sting (safe; 7% risk of failure)
Press: ? - help, Shift-Dir - straight line, f/p - bat
Aim: a bat (severely wounded, 57% to hit)
The sting hits the bat.
The bat is poisoned.
You kill the bat!
You have got your breath back.
Magic restored.
A jackal comes into view.
A jackal is nearby!
A jackal is nearby! 2 jackals and a giant cockroach come into view.
Are you sure you want to abandon this character and quit the game? (Confirm with "yes".)

#.......#....###..#
..h.##...........## #..#
................## ##..#
...h..........#.####....
.h...........##..##..##.
.....#####.##.........
... #.###.##.####
.##.##.#####.# #....#
.......@.....# ###.#####
.#####?####### #........
#. #.####### .. #.# ...
#.# .#.. #.# .B##. #.#
.. .. ..# ###


You could see 3 jackals and a giant cockroach (asleep).

Vanquished Creatures
  Natasha (D:2)
  An adder (D:2)
  A dart slug (D:1)
  3 bats
  3 endoplasms
  A giant cockroach (D:1)
  A goblin (D:1)
  2 hobgoblins
  2 quokkas (D:1)
  2 ball pythons
  A frilled lizard (D:1)
  4 kobolds
  3 rats
25 creatures vanquished.

Notes
Turn   | Place    | Note
-------+----------+-------------------------------------------
     0 | D:1      | Meow the Naga Venom Mage began the quest for the Orb.
     0 | D:1      | Reached XP level 1. HP: 15/15 MP: 3/3
   175 | D:1      | You fall into a shaft and drop 1 floor!
   246 | D:2      | Reached skill level 1 in Conjurations
   246 | D:2      | Reached XP level 2. HP: 22/22 MP: 1/5
   341 | D:2      | Found Syurrose's Assorted Antiques.
   445 | D:2      | Noticed Natasha
   451 | D:2      | Noticed a crimson imp
   453 | D:2      | Killed Natasha
   454 | D:2      | Reached XP level 3. HP: 28/28 MP: 0/7
   458 | D:2      | Learned a level 3 spell: Mephitic Cloud
   462 | D:2      | Learned a level 3 spell: Ignite Poison
   709 | D:1      | Reached XP level 4. HP: 25/36 MP: 5/8
   882 | D:1      | Quit the game

Illustrated notes

Levels and vault maps discovered:
D:1:      dpeg_arrival_court, layout_loops_ring, basic_ecumenical_altar,
          palyth_stone_intersect, minmay_tromino_i4
D:2:      layout_loops_cross, serial_shops, nicolae_shop_overgrown_old_shop,
          uniq_natasha

Skill      XL: |  1  2  3 |
---------------+----------+-----
Conjurations   | 1 2 |  2.3
Spellcasting   | 3 |  3.1
Dodging        | |  1.5
Stealth        | |  3.0
Transmutations | |  1.0
Poison Magic   | |  4.0

Action                   |  1- 3 |  4- 6 || total
-------------------------+-------+-------++-------
Melee: Short sword       |     4 |       ||     4
 Cast: Sting             |    23 |     1 ||    24
 Abil: Spit Poison       |    20 |     3 ||    23
Dodge: Dodged            |     4 |       ||     4

Table legend: (Time is in decaauts)
 A = Elapsed time spent in this place.
 B = Non-inter-level travel time spent in this place.
 C = Inter-level travel time spent in this place.
 D = Time resting spent in this place.
 E = Time spent auto-exploring this place.
 F = Levels seen in this place.
 G = Mean time per level.
                   A        B        C        D        E       F      G
               +--------+--------+--------+--------+--------+-----+--------+
         Total |   1034 |   1034 |      0 |    431 |    374 |   2 |  517.0 |
       Dungeon |   1034 |   1034 |      0 |    431 |    374 |   2 |  517.0 |
               +--------+--------+--------+--------+--------+-----+--------+

Top non-repeatable levels by time:
     D:1: 649 daAuts
     D:2: 385 daAuts
